 Dungeon Crawl Stone Soup version 0.32-a0-576-g706899e69d (console) character file.

Game seed: 4844808179862314144

170554 jejorda2 the Warrior (level 17, 0/219 HPs)
             Began as a Coglin Berserker on Mar 1, 2024.
             Was a High Priest of Trog.
             Succumbed to a guardian serpent's bolt of poison
             ... on level 3 of the Snake Pit.
             The game lasted 01:37:06 (31319 turns).

jejorda2 the Warrior (Coglin Berserker)            Turns: 31319, Time: 01:37:07

Health: 0/219      AC: 30    Str: 25    XL:     17   Next: 99%
Magic:  17/17      EV:  0    Int:  6    God:    Trog [*****.]
Gold:   1175       SH:  0    Dex: 15    Spells: 16/16 levels left

rFire   + + .        S - +2 demon trident (heavy) {Ming}
rCold   + . .        G - +4 trident (freeze) {Yeongsuk}
rNeg    . . .        C - +4 plate armour {rF+}
rPois   +            s - +2 helmet {SInv}
rElec   .            R - scarf {rC+ rF+}
rCorr   +            b - +2 pair of gloves
SInv    +            f - +2 pair of boots
Will    +....        (amulet unavailable) Stlth
                     (ring unavailable)
HPRegen 0.56/turn    (ring unavailable)
MPRegen 0.15/turn    O - emergency hyperbooster {Rampage Acrobat rPois rCorr Slay+3}

%: acrobat, rampage
@: berserking, lethally poisoned (0 -> -3), constricted, revving, very quick
A: off-hand wielding, slow wielding, warmup strikes, no jewellery
a: Renounce Religion, Berserk, Trog's Hand, Brothers in Arms


You were on level 3 of the Snake Pit.
You worshipped Trog.
Trog was extremely pleased with you.
You visited 4 branches of the dungeon, and saw 26 of its levels.
You visited the Abyss 1 time.
You also visited: Sewer, Bailey and Ice Cave.

You collected 2881 gold pieces.
You spent 1706 gold pieces at shops.

Inventory:

Hand Weapons
 G - a +4 trident of freezing (offhand) {Yeongsuk}
 S - a +2 heavy demon trident (weapon) {Ming}
Missiles
 a - 36 boomerangs (quivered)
 e - 6 datura-tipped darts
 q - 3 atropa-tipped darts
 w - 29 javelins
 z - 44 poisoned darts
 F - 2 curare-tipped darts
Armour
 b - a +2 pair of gloves (worn)
 f - a +2 pair of boots (worn)
 s - a +2 helmet of see invisible (worn)
 C - a +4 plate armour of fire resistance (worn)
 R - a scarf of resistance (worn)
Gizmo
 O - an emergency hyperbooster (installed) {Rampage Acrobat rPois rCorr Slay+3}
   (You invented it yourself on level 4 of the Lair of Beasts)

   [emergency hyperbooster]

   Slay+3:    It affects your accuracy & damage with ranged weapons and melee
   (+3).
   rPois:     It protects you from poison.
   rCorr:     It protects you from acid and corrosion.
   Rampage:   It bestows one free step when moving towards enemies.
   Acrobat:   It increases your evasion after moving or waiting.
Wands
 m - a wand of mindburst (5)
 t - a wand of iceblast (31)
 x - a wand of flame (52)
 A - a wand of light (12)
 J - a wand of paralysis (7)
 M - a wand of digging (7)
 N - a wand of polymorph (18)
Scrolls
 c - 4 scrolls of fear
 i - 7 scrolls of teleportation
 j - 2 scrolls of butterflies
 r - 9 scrolls of identify
 y - 5 scrolls of poison
 B - a scroll of revelation
 K - a scroll of enchant armour
 L - 4 scrolls of immolation
 P - 3 scrolls of noise
 Q - 5 scrolls of fog
 T - a scroll of silence
Potions
 d - 7 potions of might
 g - 8 potions of curing
 h - 7 potions of enlightenment
 k - 6 potions of mutation
 l - 4 potions of lignification
 n - 5 potions of invisibility
 o - 6 potions of ambrosia
 p - 4 potions of heal wounds
 D - 2 potions of attraction
 E - 6 potions of cancellation
Miscellaneous
 u - a phial of floods
 H - a lightning rod (4/4)
 I - a condenser vane


   Skills:
 + Level 16.7 Fighting
 + Level 14.8 Polearms
 + Level 16.0 Throwing
 + Level 12.6 Armour
 + Level 2.9 Dodging
 + Level 8.8 Evocations


You had 16 spell levels left.
You didn't know any spells.
Your spell library was empty.

Dungeon Overview and Level Annotations

Branches:
Dungeon (15/15)            Temple (0/1) D:4            Lair (5/5) D:11
  Swamp (0/4) Lair:3        Snake (4/4) Lair:2        Slime (0/5) Lair:5
    Orc (2/2) D:10            Elf (0/3) Orc:2        Vaults (0/5) D:14
 Depths (0/4) D:15          Sewer (visited)          Bailey (visited)
  IceCv (visited)

Altars:
Elyvilon
Hepliaklqana
Nemelex Xobeh
Qazlal
Ru
Sif Muna
Trog
Vehumet
Wu Jian
The Shining One
Beogh
Jiyva

Shops:
D:2 (   D:5 [**[(   D:7 *[   D:9 *(*(   D:10 [   D:12 *   Orc:1 (   Orc:2 *[:([
Snake:1 !   Snake:3 :=:

Annotations:
D:5 2 transporters
D:10 1 runed translucent door, Dittersdorf's ghost, journeyman GrFi


Innate Abilities, Weirdness & Mutations

You can wield a second weapon in your off-hand.
It takes a long time for you to wield or remove held weapons.
Your first few attacks do less damage.
You cannot equip rings or amulets.


Message History

You closely miss the anaconda with your +2 heavy demon trident.
The anaconda is severely wounded.
You hit the anaconda with your +4 trident of freezing.
The anaconda seems to slow down.
You freeze the anaconda.
You feel sick.
The anaconda bites you but does no damage.
The naga warrior hits you but does no damage.
The salamander hits you but does no damage.
Unknown command.
You barely miss the anaconda with your +2 heavy demon trident.
The anaconda is almost dead.
You puncture the anaconda with your +4 trident of freezing!
The anaconda seems to slow down.
You freeze the anaconda.
You kill the anaconda!
Trog accepts your kill.
You feel sick. The anaconda grabs you.
The anaconda bites you but does no damage.
The anaconda constricts you.
* * * LOW HITPOINT WARNING * * *
Unknown command.
Unknown command.
You closely miss the naga warrior with your +2 heavy demon trident.
You hit the naga warrior with your +4 trident of freezing.
You freeze the naga warrior.
You feel sick.
The anaconda bites you but does no damage.
The anaconda constricts you.
* * * LOW HITPOINT WARNING * * *
The naga warrior spits poison at you. The splash of poison hits you.
You resist.
* * * LOW HITPOINT WARNING * * *
The salamander hits you from afar with a +0 spear!
* * * LOW HITPOINT WARNING * * *
You are engulfed in flames.
You resist.
* * * LOW HITPOINT WARNING * * *
Unknown command.
Unknown command.
You stick the naga warrior like a pincushion with your +2 heavy demon trident!!!
The naga warrior is severely wounded.
You puncture the naga warrior with your +4 trident of freezing!
You freeze the naga warrior.
You die...

...###.....###..#....# #..#
...##.....##.#.......# #..#
.###.....###.##.#.÷..###..##
..#.....#..##........#.....#
#.#....#....#.......[......#
..##..#.....####.^.........#
...###.....######..........#
...##.....##..###N###......#
..##....)#)##.SS@†..##.....#
..#..)..#..#..N###..##.....#
###....#...)÷.N.##...#.....#
####.[#.....÷....#.........#
#..###[...[.§N...#.........#
#...[[......÷N...#.........#
#...............##.........#
#.........##...###.........#
################ #.........#


You could see a naga warrior, a salamander (strong), an anaconda and a guardian
serpent.

Vanquished Creatures
  Saint Roka (Orc:2)
  Mlioglotl (Snake:1)
  Gastronok (Lair:1)
  Frances (Snake:1)
  Donald (Snake:3)
  2 nagarajas
  A revenant (Abyss:2)
  An emperor scorpion (D:15)
  Louise (Snake:3)
  A dire elephant (D:15)
  A fire dragon (D:14)
  A rakshasa (D:13)
  3 salamander tyrants (Snake:2)
  3 ogre magi
  8 hydras
  12 anacondas
  A catoblepas (Lair:4)
  6 centaur warriors
  A dancing weapon (D:12)
  2 death knights
  2 boulder beetles
  2 tengu warriors
  7 two-headed ogres
  An orc high priest (Orc:2)
  2 hell hogs (Lair:5)
  8 naga sharpshooters
  5 death yaks
  7 naga warriors
  6 shock serpents
  A thrashing horror (Abyss:2)
  Nergalle (Lair:3)
  A skyshark (Lair:4)
  4 skeletal warriors (D:13)
  A wretched star (Abyss:2)
  8 salamander mystics
  2 bog bodies (IceCv)
  7 large abominations (Abyss:2)
  6 naga ritualists
  Pikel (D:7)
  16 mana vipers
  2 lindwurms (Lair:5)
  6 starcursed masses (Abyss:2)
  A deep elf pyromancer (D:12)
  4 orc knights
  4 orc sorcerers (Orc:2)
  7 cyclopes
  12 ugly things
  17 salamanders
  2 kobold blastminers (Orc:2)
  2 manticores
  A water nymph (D:15)
  An ice statue (IceCv)
  2 molten gargoyles (Lair:5)
  37 black mambas
  9 elephants
  11 naga magi
  2 torpor snails
  2 orange demons (Abyss:2)
  6 cane toads
  8 komodo dragons
  An unseen horror (shapeshifter) (D:14)
  2 unseen horrors
  A cane toad (shapeshifter) (D:11)
  4 rime drakes
  2 anaconda simulacra (IceCv)
  A yaktaur (D:15)
  6 trolls
  4 freezing wraiths (D:14)
  2 polar bears (Lair:5)
  26 blink frogs
  5 raiju
  14 slime creatures
  3 shadows
  A dire elephant simulacrum (IceCv)
  7 wyverns
  A small abomination (Abyss:2)
  3 wraiths
  A ynoxinul (Abyss:2)
  31 yaks
  A vampire (D:12)
  Eustachio (D:5)
  3 wargs
  3 steam dragons
  11 basilisks
  8 vampire mosquitoes
  A death yak simulacrum (IceCv)
  A neqoxec (Abyss:2)
  A harpy simulacrum (IceCv)
  28 nagas
  A hydra simulacrum (IceCv)
  25 water moccasins
  5 hell hounds
  2 acid dragons (D:10)
  39 orc warriors
  2 ice beasts
  9 ogres
  2 black bears
  A sky beast (D:6)
  17 wolves
  24 centaurs
  A lemure (D:7)
  3 kobold brigands
  10 bullfrogs
  4 gnoll sergeants
  A cane toad simulacrum (IceCv)
  3 two-headed ogre simulacra (IceCv)
  A scorpion (D:4)
  10 wights
  6 elephant simulacra (IceCv)
  10 killer bees
  5 howler monkeys
  3 electric eels (D:9)
  5 lava snakes (Lair:5)
  A bombardier beetle (D:3)
  3 hounds
  2 jellies
  3 gnoll boudas
  14 orc priests
  3 iguanas
  2 sleepcaps
  Ijyb (D:3)
  23 orc wizards
  7 troll simulacra (IceCv)
  A polar bear simulacrum (IceCv)
  A wolf simulacrum (IceCv)
  9 spriggan simulacra (IceCv)
  18 gnolls
  9 adders
  4 naga simulacra (IceCv)
  15 white imps
  10 ufetubi
  5 ribbon worms
  13 dart slugs
  107 orcs
  2 endoplasms
  13 giant cockroaches
  7 goblins
  9 hobgoblins
  3 jackals (D:2)
  2 quokkas
  10 ball pythons
  5 bats
  10 frilled lizards
  21 kobolds
  4 rats
972 creatures vanquished.

Vanquished Creatures (collateral kills)
  A gargoyle (D:11)
  A naga (Snake:3)
  A centaur (D:11)
  A kobold brigand (D:11)
  A kobold (D:11)
5 creatures vanquished.

Vanquished Creatures (others)
  2 starspawn tentacles (Snake:1)
2 creatures vanquished.

Grand Total: 979 creatures vanquished

Notes
Turn   | Place    | Note
-------+----------+-------------------------------------------
     0 | D:1      | jejorda2 the Coglin Berserker began the quest for the Orb.
     0 | D:1      | Reached XP level 1. HP: 18/18 MP: 1/1
   147 | D:1      | Found a faded altar of an unknown god.
   245 | D:1      | Reached XP level 2. HP: 24/24 MP: 2/2
   670 | D:2      | Reached XP level 3. HP: 26/29 MP: 3/3
   680 | D:2      | Found a stormy altar of Qazlal.
   786 | D:2      | Reached ** piety under Trog
   822 | D:2      | Found Ocimilong's Antique Weapon Boutique.
  1459 | D:3      | Reached XP level 4. HP: 34/37 MP: 4/4
  2008 | D:3      | Found a radiant altar of Vehumet.
  2037 | D:3      | Found a white marble altar of Elyvilon.
  2104 | D:3      | Noticed Ijyb
  2118 | D:3      | Killed Ijyb
  2119 | D:3      | Reached XP level 5. HP: 26/42 MP: 5/5
  2292 | D:4      | You fall into a shaft and drop 3 floors!
  2312 | D:7      | Noticed a lemure
  2313 | D:7      | Noticed Pikel
  2314 | D:7      | Noticed a lemure
  2314 | D:7      | Noticed a lemure
  2316 | D:7      | Noticed a lemure
  2320 | D:7      | Killed a lemure
  2328 | D:7      | Killed Pikel
  2329 | D:7      | Reached skill level 5 in Fighting
  2329 | D:7      | Reached XP level 6. HP: 51/51 MP: 6/6
  2329 | D:7      | Reached XP level 7. HP: 56/56 MP: 7/7
  2590 | D:7      | Reached XP level 8. HP: 64/64 MP: 8/8
  2945 | D:6      | Found a sparkling altar of Nemelex Xobeh.
  3017 | D:6      | Noticed a wyvern
  3022 | D:6      | Killed a wyvern
  3138 | D:6      | Found a glowing drain.
  3152 | Sewer    | Entered a sewer
  3189 | Sewer    | Reached *** piety under Trog
  3252 | Sewer    | Reached XP level 9. HP: 69/69 MP: 9/9
  3625 | D:6      | Reached **** piety under Trog
  3937 | D:5      | Entered Level 5 of the Dungeon
  3937 | D:5      | Found Sulagg's Assorted Antiques.
  3952 | D:5      | Found Beoge's Antique Armour Boutique.
  4009 | D:5      | Found a transporter.
  4052 | D:5      | Found Kixengey's General Store.
  4100 | D:5      | Noticed Eustachio
  4121 | D:5      | Killed Eustachio
  4122 | D:5      | Reached skill level 10 in Polearms
  4155 | D:5      | Noticed an animated gold dragon scales
  4158 | D:5      | Found Fyderph's Armour Shop.
  4166 | D:5      | Noticed an animated pearl dragon scales
  4390 | D:5      | Found a transporter.
  4470 | D:5      | Found a glowing golden altar of the Shining One.
  4635 | D:5      | Found Damaxe Vaxi's Weapon Boutique.
  4726 | D:5      | Bought an embroidered cloak for 232 gold pieces
  5037 | D:4      | Found a staircase to the Ecumenical Temple.
  5423 | D:7      | Found Wufraxar's Fire Supplies.
  5523 | D:7      | Found Cul Cept's Antique Armour Shop.
  5631 | D:7      | Reached XP level 10. HP: 58/76 MP: 10/10
  5748 | D:7      | Found a shimmering blue altar of Sif Muna.
  5762 | D:7      | Found a bloodstained altar of Trog.
  5772 | D:7      | Reached skill level 5 in Armour
  6244 | D:8      | Reached ***** piety under Trog
  6351 | D:8      | Found a hazy altar of Hepliaklqana.
  7125 | D:9      | Reached skill level 1 in Throwing
  7125 | D:9      | Reached skill level 1 in Evocations
  7607 | D:9      | Found Osymijel's Assorted Antiques.
  7609 | D:9      | Found Temuhuf's Weapon Boutique.
  7611 | D:9      | Found Nezifeic's Antique Weapon Boutique.
  7612 | D:9      | Found Dieqebyv's General Store.
  8112 | D:10     | Entered Level 10 of the Dungeon
  8117 | D:10     | Reached skill level 5 in Evocations
  8125 | D:10     | Noticed an unseen horror
  8130 | D:10     | Killed an unseen horror
  8131 | D:10     | Reached XP level 11. HP: 40/81 MP: 11/11
  8166 | D:10     | Found a flagged portal.
  8186 | Bailey   | Entered a bailey
  8497 | Bailey   | Received a gift from Trog
  8646 | Bailey   | Reached skill level 5 in Throwing
  9167 | D:10     | Noticed a two-headed ogre
  9170 | D:10     | Killed a two-headed ogre
  9344 | D:10     | Found a staircase to the Orcish Mines.
  9344 | D:10     | Found Janeckah's Armour Boutique.
  9367 | D:10     | Found an ornate altar of the Wu Jian Council.
  9777 | D:10     | Found a runed translucent door.
  9777 | D:10     | Noticed Dittersdorf's ghost (journeyman GrFi)
  9854 | D:10     | Identified the +5 chain mail "Haoquw" {Regen+ rCorr}
 10201 | D:11     | Noticed a cyclops
 10206 | D:11     | Killed a cyclops
 10222 | D:11     | Noticed a cyclops
 10230 | D:11     | Killed a cyclops
 10361 | D:11     | Found a staircase to the Lair.
 10504 | D:11     | Noticed a cyclops
 10505 | D:11     | Noticed a two-headed ogre
 10505 | D:11     | Noticed an ogre mage
 10510 | D:11     | Killed a cyclops
 10513 | D:11     | Killed a two-headed ogre
 10514 | D:11     | Reached XP level 12. HP: 94/94 MP: 12/12
 10517 | D:11     | Killed an ogre mage
 10850 | D:11     | Noticed a boulder beetle
 10863 | D:11     | Killed a boulder beetle
 10984 | D:11     | Reached skill level 10 in Fighting
 11042 | D:11     | Noticed a two-headed ogre
 11050 | D:11     | Killed a two-headed ogre
 11127 | D:11     | Noticed a death knight
 11132 | D:11     | Killed a death knight
 11188 | D:11     | Noticed an ogre mage
 11195 | D:11     | Killed an ogre mage
 11244 | Lair:1   | Entered Level 1 of the Lair of Beasts
 11530 | Lair:1   | Noticed Gastronok
 11546 | Lair:1   | Killed Gastronok
 11734 | Lair:1   | Reached XP level 13. HP: 97/106 MP: 13/13
 11786 | Lair:1   | Received a gift from Trog
 12294 | Lair:2   | Found a staircase to the Snake Pit.
 12984 | Lair:3   | Noticed Nergalle
 12991 | Lair:3   | Reached skill level 10 in Throwing
 13196 | Lair:3   | Killed Nergalle
 13268 | Lair:3   | Found a staircase to the Swamp.
 13296 | Lair:3   | Found the +8 Wrath of Trog {antimagic, *Rage Rampage}
 14099 | Lair:4   | Received a gift from Trog
 14491 | Lair:4   | Reached XP level 14. HP: 115/115 MP: 14/14
 14504 | Lair:4   | Acquired an emergency hyperbooster {Rampage Acrobat rPois
                  | rCorr Slay+3}
 15041 | Lair:5   | Entered Level 5 of the Lair of Beasts
 15530 | Lair:5   | Found a large runed translucent door.
 15550 | Lair:5   | Received a gift from Trog
 15898 | Lair:5   | Reached skill level 15 in Throwing
 15901 | Lair:5   | Found a staircase to the Slime Pits.
 15901 | Lair:5   | Found a viscous altar of Jiyva.
 16151 | Lair:5   | Found a large runed translucent door.
 16548 | D:12     | Found Veokiown's Elemental Accessories.
 16683 | D:12     | Found a runed translucent door.
 17181 | D:12     | Reached XP level 15. HP: 81/120 MP: 15/15
 17220 | D:12     | Identified the +2 halberd of Bile {spect, *Corrode Str+5
                  | Int+2 SInv}
 17321 | D:13     | Found a frozen archway.
 17337 | D:13     | Received a gift from Trog
 17351 | IceCv    | Entered an ice cave
 19282 | D:13     | Found a sacrificial altar of Ru.
 20606 | D:14     | Found a gate to the Vaults.
 21137 | D:15     | Entered Level 15 of the Dungeon
 21229 | D:15     | Noticed an emperor scorpion
 21254 | D:15     | Killed an emperor scorpion
 21255 | D:15     | Reached skill level 10 in Armour
 21315 | D:15     | Found a staircase to the Depths.
 22027 | Orc:1    | Entered Level 1 of the Orcish Mines
 22214 | Orc:1    | Reached ****** piety under Trog
 22236 | Orc:1    | Reached XP level 16. HP: 134/134 MP: 16/16
 22302 | Orc:1    | Found Ceifriwk's Antique Weapon Emporium.
 22419 | Orc:2    | Entered Level 2 of the Orcish Mines
 22419 | Orc:2    | Found Yrecu's Book Boutique.
 22422 | Orc:2    | Received a gift from Trog
 22501 | Orc:2    | Found a roughly hewn altar of Beogh.
 23407 | Orc:2    | Noticed Saint Roka
 23432 | Orc:2    | Killed Saint Roka
 23472 | Orc:2    | Found Ybbes's Antique Armour Shop.
 23473 | Orc:2    | Found a roughly hewn altar of Beogh.
 23474 | Orc:2    | Found Seolieno's Antique Weapon Boutique.
 23521 | Orc:2    | Found a staircase to the Elven Halls.
 23566 | Orc:2    | Found a roughly hewn altar of Beogh.
 23579 | Orc:2    | Found Nitzuchu's Antique Armour Shop.
 23840 | Orc:2    | Found a roughly hewn altar of Beogh.
 23852 | Orc:2    | Identified the +8 quarterstaff of Fanodia {flame, rF+ rN+
                  | rCorr Dex+6} (Trog gifted it to you on level 2 of the
                  | Orcish Mines)
 23852 | Orc:2    | Received a gift from Trog
 23867 | Orc:2    | Found Yzxe's Assorted Antiques.
 23960 | Orc:2    | Paralysed by an orc sorcerer for 4 turns
 24043 | Orc:2    | Bought a runed plate armour for 676 gold pieces
 24043 | Orc:2    | Bought a runed scarf for 208 gold pieces
 24264 | D:5      | Bought 6 datura-tipped darts for 70 gold pieces
 24290 | D:5      | Bought a phial of floods for 520 gold pieces
 24514 | Snake:1  | Entered Level 1 of the Snake Pit
 24643 | Snake:1  | Reached skill level 15 in Fighting
 25200 | Snake:1  | Found Giciyrch's Distillery.
 25207 | Snake:1  | Noticed Mlioglotl
 25219 | Snake:1  | Noticed a tentacled starspawn
 25230 | Snake:1  | Killed Mlioglotl
 25637 | Snake:1  | Noticed Frances
 25654 | Snake:1  | Killed Frances
 27542 | Snake:2  | Received a gift from Trog
 27618 | Snake:2  | Reached XP level 17. HP: 105/144 MP: 17/17
 28569 | Snake:2  | You fall into a shaft and drop 1 floor!
 28570 | Snake:3  | Noticed Louise
 28832 | Snake:3  | Identified the +7 scale mail of the Unbroken {-Tele Fly rC-
                  | Regen+}
 28853 | Snake:3  | Received a gift from Trog
 29188 | Abyss:2  | Cast into level 2 of the Abyss (Louise)
 29267 | Abyss:2  | Found a corrupted altar of Lugonu.
 29309 | Abyss:2  | Found a corrupted altar of Lugonu.
 29333 | Abyss:2  | Found a corrupted altar of Lugonu.
 29343 | Abyss:2  | Found a corrupted altar of Lugonu.
 29602 | Snake:3  | Escaped the Abyss
 29612 | Snake:3  | Killed Louise
 29711 | Snake:3  | Noticed Donald
 29719 | Snake:3  | Killed Donald
 29843 | Snake:3  | Found Juos Seutz's Book Boutique.
 29843 | Snake:3  | Found Cigovit's Jewellery Shoppe.
 29844 | Snake:3  | Found Hego's Book Boutique.
 30462 | Snake:4  | Entered Level 4 of the Snake Pit
 31011 | Snake:3  | HP: 10/219 [poisoned by a black mamba]
 31318 | Snake:3  | HP: 5/219 [salamander/+0 spear (9)]
 31318 | Snake:3  | HP: 1/219 [salamander/+0 spear (4)]
 31319 | Snake:3  | Succumbed to a guardian serpent's bolt of poison

Illustrated notes

Levels and vault maps discovered:
D:1:      minmay_arrival_stone_box, layout_loops_cross,
          ebering_ecumenical_altar_webs
D:2:      layout_loops_ring, serial_shops, shop, basic_altar
D:3:      layout_loops_ring, mainiacjoe_overflow_two_lobes, uniq_ijyb
D:4:      layout_basic, minmay_temple_entry_poolview
D:5:      gammafunk_steamed_eel, layout_loops_ring, general_overflow_altar,
          serial_shops, nicolae_stop_n_shop_1, nicolae_shop_mannequins,
          nicolae_shop_rolling_square, nicolae_shop_advertising_works
          [nicolae_subvault_shop_adworks], shop, uniq_eustachio
D:6:      cheibrodos_quashed, layout_loops_ring,
          mainiacjoe_overflow_cross_hatched, cheibrodos_sewer_entry_bend
D:7:      layout_rooms, nzn_overflow_gifts_of_might_and_magic,
          nicolae_shop_fire_sale [nicolae_sub_dead_trees],
          kennysheep_windowed_goal, uniq_pikel
D:8:      layout_layer_cave, nicolae_hepliaklqana_hazy_memory,
          kennysheep_generic_room_12
D:9:      layout_roguey, serial_glass, glass_columns_a, glass_columns_a,
          glass_columns_a, glass_columns_a, glass_columns_b, glass_columns_a,
          minmay_shop_grid_forest, nicolae_have_a_lightning_rod
D:10:     layout_gridville, nzn_wu_jian_council_hall, orc_david_3,
          enter_bailey_5, gammafunk_ghost_grave
D:11:     minmay_inside_and_out, layout_stronghold
D:12:     nicolae_hitomezashi [nicolae_hito_row, nicolae_hito_row,
          nicolae_hito_row, nicolae_hito_row, nicolae_hito_row,
          nicolae_hito_row, nicolae_hito_row, nicolae_hito_row,
          nicolae_hito_row, nicolae_hito_row, nicolae_hito_row,
          nicolae_hito_row, nicolae_hito_row, nicolae_hito_row,
          nicolae_hito_row, nicolae_hito_row, nicolae_hito_row,
          nicolae_hito_row], layout_irregular_city, nicolae_elemental_shop,
          lightli_airlock
D:13:     layout_cave_pods, portal_ice_cave_entry_imps,
          nicolae_ru_the_path_less_chosen
D:14:     layout_loops_corners, david_vaults_4, grunt_decor_one_mirror
D:15:     hangedman_depths_entry_try_elsewhere_first, layout_irregular_city,
          lemuel_old_faithful
Lair:1:   layout_hall_layers, uniq_gastronok
Lair:2:   layout_concentric_octagons, alex1729_snake_entry_snake
Lair:3:   layout_chaotic_city, swamp_mist_pool, chequers_serial_rivers_micro_b,
          st_stairs_5, uniq_nergalle
Lair:4:   layout_gridlike
Lair:5:   cheibrodos_lair_end_hotspot, layout_regular_city, slime_entry_1
Snake:1:  layout_chambers, serial_shops, shop, nrook_loot_triangle,
          uniq_frances, uniq_mlioglotl
Snake:2:  cheibrodos_snake_lava_hold, layout_chambers
Snake:3:  layout_rooms, nicolae_snake_coiling_death, minmay_shop_grove,
          uniq_donald, uniq_louise
Snake:4:  grunt_snake_rune_serpentine_throne, layout_chambers,
          serial_bayou_pond_d, lemuel_fruit_tree
Orc:1:    layout_caves, serial_shops, shop
Orc:2:    grunt_orc_community_town_hall, layout_caves,
          grunt_orc_community_big_house_1, grunt_orc_community_big_house_2,
          grunt_orc_community_house_3, grunt_orc_community_house_3,
          grunt_orc_community_house_3, grunt_orc_community_house_2,
          grunt_orc_community_house_3, serial_shops, nicolae_square_shop,
          basic_altar

Skill      XL: |  1  2  3  4  5  6  7  8  9 10 11 12 13 14 15 16 17 |
---------------+----------------------------------------------------+-----
Polearms       | 3 4 6 7 9 11 12 14 | 14.8
Fighting       | 4 5 6 8 11 12 14 16 | 16.7
Armour         | 4 6 7 8 10 12 | 12.6
Throwing       | 3 6 8 12 15 16 | 16.0
Evocations     | 5 6 8 |  8.8
Dodging        | 2 |  2.9

Action                     |  1- 3 |  4- 6 |  7- 9 | 10-12 | 13-15 | 16-18 || total
---------------------------+-------+-------+-------+-------+-------+-------++-------
  Melee: Spear             |    80 |    39 |    21 |       |       |       ||   140
         Dagger            |    52 |       |       |       |       |       ||    52
         Trident           |     6 |    44 |   515 |   972 |  1761 |  1013 ||  4311
         Demon trident     |       |       |       |       |       |   276 ||   276
  Throw: Dart              |       |       |       |    16 |    27 |       ||    43
         Javelin           |       |       |       |     7 |    55 |    20 ||    82
         Boomerang         |       |       |       |       |    10 |     6 ||    16
 Invoke: Berserk           |     1 |     1 |     3 |     6 |    16 |    10 ||    37
         Trog's Hand       |       |     1 |     3 |     4 |     8 |     4 ||    20
         Brothers in Arms  |       |       |       |     1 |       |     1 ||     2
Ability: Invent Gizmo      |       |       |       |       |     1 |       ||     1
  Evoke: Wand              |       |       |       |     6 |       |       ||     6
    Use: Scroll            |       |       |    17 |    10 |     6 |     2 ||    35
         Potion            |       |       |       |       |       |     2 ||     2
   Stab: Sleeping          |     1 |       |       |       |     1 |       ||     2
         Petrified         |       |       |       |       |    10 |       ||    10
         Petrifying        |       |       |       |       |     1 |       ||     1
         Distracted        |       |       |       |       |       |     1 ||     1
 Armour: Leather armour    |     7 |       |       |       |       |       ||     7
         Animal skin       |     1 |       |       |       |       |       ||     1
         Ring mail         |     7 |    21 |    38 |       |       |       ||    66
         Chain mail        |       |       |   138 |   117 |   616 |    54 ||   925
         Plate armour      |       |       |       |   195 |    18 |   550 ||   763
         Scale mail        |       |       |       |       |    21 |       ||    21
  Dodge: Dodged            |    21 |    11 |    88 |   137 |   269 |   180 ||   706

Table legend: (Time is in decaauts)
 A = Elapsed time spent in this place.
 B = Non-inter-level travel time spent in this place.
 C = Inter-level travel time spent in this place.
 D = Time resting spent in this place.
 E = Time spent auto-exploring this place.
 F = Levels seen in this place.
 G = Mean time per level.
                   A        B        C        D        E       F      G
               +--------+--------+--------+--------+--------+-----+--------+
         Total |  31090 |  29146 |   1944 |   4811 |  18356 |  30 | 1036.3 |
       Dungeon |  13946 |  12723 |   1223 |   1035 |   9300 |  15 |  929.7 |
          Lair |   5121 |   4838 |    283 |    587 |   3264 |   5 | 1024.2 |
     Snake Pit |   6330 |   6048 |    282 |   1611 |   3631 |   4 | 1582.5 |
  Orcish Mines |   2045 |   1889 |    156 |    519 |    963 |   2 | 1022.5 |
         Abyss |    411 |    411 |      0 |     40 |     62 |   1 |  411.0 |
         Sewer |    549 |    549 |      0 |     18 |    137 |   1 |  549.0 |
        Bailey |    958 |    958 |      0 |     95 |    534 |   1 |  958.0 |
      Ice Cave |   1727 |   1727 |      0 |    904 |    463 |   1 | 1727.0 |
               +--------+--------+--------+--------+--------+-----+--------+

Top non-repeatable levels by time:
 Snake:2: 2220 daAuts
 Snake:1: 2163 daAuts
   IceCv: 1727 daAuts
 Snake:3: 1708 daAuts
   Orc:2: 1595 daAuts
  Lair:5: 1319 daAuts
    D:10: 1208 daAuts
    D:14: 1204 daAuts
  Lair:2: 1188 daAuts
    D:11: 1187 daAuts
     D:7: 1096 daAuts
     D:8: 1075 daAuts
     D:9: 1056 daAuts
  Lair:4: 993 daAuts
  Lair:3: 972 daAuts
